SAA
DURHAM RAPIERS @ LANNISTER UNITED LIONHEARTS
08/16/2032
 
TOP OF THE 1ST
Durham Rapiers batting - Pitching for Lannister United Lionhearts : RHP Forest Stanley
Pitching: RHP Forest Stanley
Batting: RHB Askari bin Idris 0-0: Ground out 5-3 (Groundball, 56)
Batting: RHB Colby King 0-0: Ball
1-0: Called Strike
1-1: Ball
2-1: Ball
3-1: SINGLE (Line Drive, 6MD)
Batting: LHB Alberto Garza 0-0: Grounds into double play, 6-4-3 (Groundball, 6)
Top of the 1st over - 0 runs, 1 hit, 0 errors, 0 left on base; Durham 0 - Lannister United 0
BOTTOM OF THE 1ST
Lannister United Lionhearts batting - Pitching for Durham Rapiers : RHP Cisco Pérez
Pitching: RHP Cisco Pérez
Batting: RHB Albert August 0-0: Called Strike
0-1: Swinging Strike
0-2: Strikes out looking
Batting: RHB Melvin Thomas 0-0: Ball
1-0: Ball
2-0: SINGLE (Line Drive, 56D)
Batting: LHB Jonathan Gunner 0-0: Ball
1-0: Called Strike
1-1: Ball
2-1: Foul Ball, location: 2F
2-2: Fly out, F8 (Flyball, 89D)
Runner from 1st tags up, SAFE at 2nd
Batting: RHB Chong-yee Au-Yong 0-0: Ball
1-0: Swinging Strike
1-1: Ball
2-1: Foul Ball, location: 2F
2-2: Strikes out swinging
Bottom of the 1st over - 0 runs, 1 hit, 0 errors, 1 left on base; Durham 0 - Lannister United 0
TOP OF THE 2ND
Durham Rapiers batting - Pitching for Lannister United Lionhearts : RHP Forest Stanley
Batting: RHB Armando Chamú 0-0: Ground out 1-3 (Groundball, 13S)
Batting: RHB Mun-wah Law 0-0: Fly out, F1 (Line Drive, 13)
Batting: RHB Tomás Costello 0-0: Ball
Error on foul ball, E9
1-1: Fly out, F9 (Flyball, 9S)
Top of the 2nd over - 0 runs, 0 hits, 1 error, 0 left on base; Durham 0 - Lannister United 0
BOTTOM OF THE 2ND
Lannister United Lionhearts batting - Pitching for Durham Rapiers : RHP Cisco Pérez
Batting: SHB Sean Scheetz 0-0: Fly out, F4 (Popup, 34)
Batting: LHB Takahiro Suzuki 0-0: Bunt missed!
0-1: Called Strike
0-2: Strikes out looking
Batting: LHB Jack Donohue 0-0: Foul Ball, location: 2F
0-1: Ball
1-1: Ball
2-1: Called Strike
2-2: Strikes out swinging
Bottom of the 2nd over - 0 runs, 0 hits, 0 errors, 0 left on base; Durham 0 - Lannister United 0
TOP OF THE 3RD
Durham Rapiers batting - Pitching for Lannister United Lionhearts : RHP Forest Stanley
Batting: LHB Steve Costillo 0-0: Ball
1-0: Ball
2-0: Ball
3-0: Base on Balls
Batting: RHB Keiran Calleson 0-0: Called Strike
0-1: Ball
1-1: Swinging Strike
1-2: Strikes out swinging
Batting: RHB Yoshi Kouda 0-0: Called Strike
0-1: Ball
1-1: Ball
Steve Costillo steals 2nd base
2-1: Ball
3-1: Base on Balls
Batting: RHB Askari bin Idris 0-0: Ball
1-0: Foul Ball, location: 2F
1-1: Ball
2-1: Fielders Choice at 2nd, 6-4 (Groundball, 6)
Steve Costillo to third
Batting: RHB Colby King 0-0: Called Strike
0-1: Foul Ball, location: 2F
0-2: Ball
1-2: Foul Ball, location: 2F
1-2: Strikes out swinging
Top of the 3rd over - 0 runs, 0 hits, 0 errors, 2 left on base; Durham 0 - Lannister United 0
BOTTOM OF THE 3RD
Lannister United Lionhearts batting - Pitching for Durham Rapiers : RHP Cisco Pérez
Batting: RHB Gilberto Clemente 0-0: Foul Ball, location: 2F
0-1: Fly out, F5 (Popup, 5SF)
Batting: RHB Riley Walker 0-0: Swinging Strike
0-1: Called Strike
0-2: Ball
1-2: Ball
2-2: Foul Ball, location: 2F
2-2: Foul Ball, location: 2F
2-2: Ground out 3-1 (Groundball, 34)
Batting: RHB Albert August 0-0: Ball
1-0: Ball
2-0: Called Strike
2-1: Foul Ball, location: 2F
2-2: Strikes out swinging
Bottom of the 3rd over - 0 runs, 0 hits, 0 errors, 0 left on base; Durham 0 - Lannister United 0
TOP OF THE 4TH
Durham Rapiers batting - Pitching for Lannister United Lionhearts : RHP Forest Stanley
Batting: LHB Alberto Garza 0-0: Swinging Strike
0-1: Ball
1-1: Ball
2-1: Ball
3-1: Foul Ball, location: 2F
3-2: Base on Balls
Batting: RHB Armando Chamú 0-0: Ball
1-0: Ball
2-0: Ball
3-0: Base on Balls
Alberto Garza to second
Batting: RHB Mun-wah Law 0-0: SINGLE (Flyball, 9LS)
Alberto Garza to third
Armando Chamú to second
Batting: RHB Tomás Costello 0-0: Called Strike
0-1: Ball
1-1: Ball
2-1: Ball
3-1: Base on Balls
Alberto Garza scores
Armando Chamú to third
Mun-wah Law to second
Batting: LHB Steve Costillo 0-0: Ball
1-0: Ball
2-0: Called Strike
2-1: Foul Ball, location: 2F
2-2: Foul Ball, location: 2F
2-2: Strikes out looking
Batting: RHB Keiran Calleson 0-0: Ball
1-0: DOUBLE (Line Drive, 7LM)
Armando Chamú scores
Mun-wah Law scores
Tomás Costello to third
Batting: RHB Yoshi Kouda 0-0: Ball
1-0: Fly out, F8 (Flyball, 8LD)
Runner from 3rd tags up, SCORES, no throw
Batting: RHB Askari bin Idris 0-0: Ball
1-0: Called Strike
1-1: Foul Ball, location: 2F
1-2: Strikes out looking
Top of the 4th over - 4 runs, 2 hits, 0 errors, 1 left on base; Durham 4 - Lannister United 0
BOTTOM OF THE 4TH
Lannister United Lionhearts batting - Pitching for Durham Rapiers : RHP Cisco Pérez
Batting: RHB Melvin Thomas 0-0: Ball
1-0: Called Strike
1-1: Fly out, F7 (Flyball, 78D)
Batting: LHB Jonathan Gunner 0-0: Called Strike
0-1: Ball
1-1: Swinging Strike
1-2: Strikes out swinging
Batting: RHB Chong-yee Au-Yong 0-0: Ball
1-0: Ball
2-0: Ball
3-0: Called Strike
3-1: Foul Ball, location: 2F
3-2: Base on Balls
Batting: SHB Sean Scheetz 0-0: Called Strike
0-1: Fly out, F8 (Flyball, 78M)
Bottom of the 4th over - 0 runs, 0 hits, 0 errors, 1 left on base; Durham 4 - Lannister United 0
TOP OF THE 5TH
Durham Rapiers batting - Pitching for Lannister United Lionhearts : RHP Forest Stanley
Batting: RHB Colby King 0-0: Called Strike
0-1: Swinging Strike
0-2: Ball
1-2: Foul Ball, location: 2F
1-2: Strikes out swinging
Batting: LHB Alberto Garza 0-0: Fly out, F5 (Line Drive, 56)
Batting: RHB Armando Chamú 0-0: Ball
1-0: Foul Ball, location: 2F
1-1: Ball
2-1: SINGLE (Line Drive, 78S)
Batting: RHB Mun-wah Law 0-0: Called Strike
0-1: Ball
1-1: SINGLE (Line Drive, 34D)
Armando Chamú to second
Runner from 2nd tries for 3rd, SAFE, no throw
Batting: RHB Tomás Costello 0-0: Called Strike
0-1: Called Strike
0-2: Ball
1-2: Ball
2-2: Foul Ball, location: 2F
2-2: Fielders Choice at 2nd, 5-4 (Groundball, 56)
Top of the 5th over - 0 runs, 2 hits, 0 errors, 2 left on base; Durham 4 - Lannister United 0
BOTTOM OF THE 5TH
Lannister United Lionhearts batting - Pitching for Durham Rapiers : RHP Cisco Pérez
Batting: LHB Takahiro Suzuki 0-0: Ball
1-0: Called Strike
1-1: Swinging Strike
1-2: Ball
2-2: Strikes out looking
Batting: LHB Jack Donohue 0-0: Called Strike
0-1: Ball
1-1: Ball
2-1: Foul Ball, location: 2F
2-2: SINGLE (Groundball, 6MD)
Batting: RHB Gilberto Clemente 0-0: Fly out, F9 (Flyball, 9LMF)
Batting: RHB Riley Walker 0-0: Ball
1-0: Ball
2-0: Ground out 4-3 (Groundball, 4)
Bottom of the 5th over - 0 runs, 1 hit, 0 errors, 1 left on base; Durham 4 - Lannister United 0
TOP OF THE 6TH
Durham Rapiers batting - Pitching for Lannister United Lionhearts : RHP Forest Stanley
Pitching: LHP Fernando Elías
Batting: LHB Steve Costillo 0-0: Ball
1-0: Foul Ball, location: 2F
1-1: Ball
2-1: Swinging Strike
2-2: Strikes out swinging
Batting: RHB Keiran Calleson 0-0: Ball
1-0: Called Strike
1-1: SINGLE (Groundball, 6MS) (infield hit)
Batting: RHB Yoshi Kouda 0-0: Ball
1-0: Ball
2-0: SINGLE (Groundball, 34) (infield hit)
Keiran Calleson to second
Batting: RHB Askari bin Idris 0-0: Called Strike
0-1: Foul Ball, location: 2F
0-2: Fly out, F6 (Popup, 6M)
Batting: RHB Colby King 0-0: Ball
1-0: Foul Ball, location: 2F
1-1: Ground out 6-3 (Groundball, 6M)
Top of the 6th over - 0 runs, 2 hits, 0 errors, 2 left on base; Durham 4 - Lannister United 0
BOTTOM OF THE 6TH
Lannister United Lionhearts batting - Pitching for Durham Rapiers : RHP Cisco Pérez
Batting: RHB Albert August 0-0: Ball
1-0: Fly out, F7 (Line Drive, 7D)
Batting: RHB Melvin Thomas 0-0: Called Strike
0-1: Swinging Strike
0-2: Ball
1-2: Foul Ball, location: 2F
1-2: Strikes out swinging
Batting: LHB Jonathan Gunner 0-0: Called Strike
0-1: Swinging Strike
0-2: Ball
1-2: Fly out, F4 (Popup, 4M)
Bottom of the 6th over - 0 runs, 0 hits, 0 errors, 0 left on base; Durham 4 - Lannister United 0
TOP OF THE 7TH
Durham Rapiers batting - Pitching for Lannister United Lionhearts : LHP Fernando Elías
Batting: LHB Alberto Garza 0-0: Foul Ball, location: 2F
0-1: Swinging Strike
0-2: Ball
1-2: Foul Ball, location: 2F
1-2: Ball
2-2: Foul Ball, location: 2F
2-2: Foul Ball, location: 2F
2-2: Fly out, F8 (Flyball, 8LS)
Batting: RHB Armando Chamú 0-0: Ball
1-0: Fly out, F4 (Flyball, 34D)
Batting: RHB Mun-wah Law 0-0: Swinging Strike
0-1: Ball
1-1: Ground out 1-3 (Groundball, 13S)
Top of the 7th over - 0 runs, 0 hits, 0 errors, 0 left on base; Durham 4 - Lannister United 0
BOTTOM OF THE 7TH
Lannister United Lionhearts batting - Pitching for Durham Rapiers : RHP Cisco Pérez
Batting: RHB Chong-yee Au-Yong 0-0: Called Strike
0-1: Swinging Strike
0-2: Ball
1-2: Ball
2-2: Strikes out swinging
Batting: SHB Sean Scheetz 0-0: Called Strike
0-1: Ball
1-1: Ball
2-1: Called Strike
2-2: Ball
3-2: Base on Balls
Batting: LHB Takahiro Suzuki 0-0: Called Strike
0-1: Foul Ball, location: 2F
0-2: Ball
1-2: Fly out, F4 (Popup, 4)
Batting: LHB Jack Donohue 0-0: Fly out, F4 (Popup, 4MD)
Bottom of the 7th over - 0 runs, 0 hits, 0 errors, 1 left on base; Durham 4 - Lannister United 0
TOP OF THE 8TH
Durham Rapiers batting - Pitching for Lannister United Lionhearts : LHP Fernando Elías
Batting: RHB Tomás Costello 0-0: Ball
1-0: Foul Ball, location: 2F
1-1: Ball
2-1: Ball
3-1: Ground out 6-3 (Groundball, 6)
Batting: LHB Steve Costillo 0-0: Foul Ball, location: 2F
0-1: Ball
1-1: Reached on error, E4 (Groundball, 4)
Batting: RHB Keiran Calleson 0-0: Called Strike
0-1: Ball
Steve Costillo steals 2nd base
1-1: Intentional Walk
Batting: RHB Yoshi Kouda 0-0: Ball
1-0: Fly out, F9 (Flyball, 9S)
Batting: RHB Askari bin Idris 0-0: Ball
1-0: Fielders Choice at 2nd, 5-4 (Groundball, 56)
Top of the 8th over - 0 runs, 0 hits, 1 error, 2 left on base; Durham 4 - Lannister United 0
BOTTOM OF THE 8TH
Lannister United Lionhearts batting - Pitching for Durham Rapiers : RHP Cisco Pérez
Batting: RHB Gilberto Clemente 0-0: Ball
1-0: Ball
2-0: Called Strike
2-1: Ball
3-1: Called Strike
3-2: SINGLE (Groundball, 56D)
Pitching: RHP José Morales
Batting: RHB Riley Walker 0-0: Swinging Strike
0-1: Foul Ball, location: 2F
0-2: Foul Ball, location: 2F
0-2: Grounds into double play, 5-4-3 (Groundball, 5)
Batting: RHB Albert August 0-0: Ball
1-0: Swinging Strike
1-1: Foul Ball, location: 2F
1-2: Ball
2-2: Ball
3-2: SINGLE (Groundball, 34D)
Batting: RHB Melvin Thomas 0-0: Ball
1-0: Ball
2-0: Called Strike
2-1: Ball
3-1: Foul Ball, location: 2F
3-2: Foul Ball, location: 2F
3-2: Base on Balls
Albert August to second
Batting: LHB Jonathan Gunner 0-0: Ball
1-0: Ball
2-0: Ball
3-0: Base on Balls
Albert August to third
Melvin Thomas to second
Batting: RHB Chong-yee Au-Yong 0-0: Ball
1-0: Ball
2-0: Ball
3-0: Base on Balls
Albert August scores
Melvin Thomas to third
Jonathan Gunner to second
Batting: SHB Sean Scheetz 0-0: Called Strike
0-1: SINGLE (Line Drive, 34D)
Melvin Thomas scores
Jonathan Gunner to third
Chong-yee Au-Yong to second
Runner from 3rd tries for Home, SAFE, throw made home
Pitching: LHP Archie Erickson
Pinch Hitting: SHB Vernon T. Waldrip 0-0: Swinging Strike
0-1: Ball
1-1: SINGLE (Line Drive, 4MD)
Chong-yee Au-Yong to third
Sean Scheetz to second
Pinch Hitting: RHB Mareka Naidoo 0-0: Ball
1-0: Called Strike
1-1: Swinging Strike
1-2: Ball
2-2: SINGLE (Groundball, 6MD)
Chong-yee Au-Yong scores
Sean Scheetz to third
Vernon T. Waldrip to second
Runner from 3rd tries for Home, SAFE, no throw
Batting: RHB Gilberto Clemente 0-0: Ball
1-0: Called Strike
1-1: Ball
2-1: SINGLE (Line Drive, 7S)
Vernon T. Waldrip to third
Mareka Naidoo to second
Runner from 3rd tries for Home, SAFE, no throw
Batting: RHB Riley Walker 0-0: Ball
1-0: SINGLE (Line Drive, 7LS)
Mareka Naidoo to third
Gilberto Clemente to second
Batting: RHB Albert August 0-0: Called Strike
0-1: Ball
1-1: Ball
2-1: SINGLE (Line Drive, 8RS)
Mareka Naidoo scores
Gilberto Clemente to third
Riley Walker to second
Batting: RHB Melvin Thomas 0-0: Foul Ball, location: 2F
0-1: Ball
1-1: Swinging Strike
1-2: Foul Ball, location: 2F
1-2: Ball
2-2: Strikes out swinging
Bottom of the 8th over - 7 runs, 8 hits, 0 errors, 3 left on base; Durham 4 - Lannister United 7
TOP OF THE 9TH
Durham Rapiers batting - Pitching for Lannister United Lionhearts : LHP Fernando Elías
Now at 3B: Curt Deal
Now in LF: Vernon T. Waldrip
Batting: RHB Colby King 0-0: Called Strike
0-1: Ground out 5-3 (Groundball, 56)
Batting: LHB Alberto Garza 0-0: Called Strike
0-1: Foul Ball, location: 2F
0-2: Ball
1-2: Ground out 4-3 (Groundball, 4M)
Batting: RHB Armando Chamú 0-0: Ball
1-0: Ground out 1-3 (Groundball, 15S)
Top of the 9th over - 0 runs, 0 hits, 0 errors, 0 left on base; Durham 4 - Lannister United 7
Wednesday, September 19th, 2018 - OOTP Baseball 18.8 Build 76